 Dungeon Crawl Stone Soup version 0.32-a0-42-ga30500b4d3 (webtiles) character file.

Game seed: 4791134906826171989

122 Curundu the Conjurer (level 4, -10/24 HPs)
             Began as a Deep Elf Conjurer on Jan 29, 2024.
             Mangled by an orc wizard
             ... wielding a +1 dagger of electrocution
              (20 damage)
             ... on level 4 of the Dungeon.
             The game lasted 00:22:50 (3576 turns).

Curundu the Conjurer (Deep Elf Conjurer)            Turns: 3576, Time: 00:22:51

Health: -10/24     AC:  5    Str:  4    XL:     4   Next: 78%
Magic:  9/12       EV: 13    Int: 25    God:
Gold:   178        SH:  0    Dex: 13    Spells: 10/11 levels left

rFire   . . .        g - staff of death
rCold   + . .        (no shield)
rNeg    + . .        a - +0 robe
rPois   .            (no helmet)
rElec   .            d - +1 cloak
rCorr   .            u - +0 pair of gloves
SInv    .            (no boots)
Will    +....        (no amulet)
Stlth   ++           c - ring of protection from cold
HPRegen 0.24/turn    w - ring of wizardry
MPRegen 0.13/turn

%: wizardry (x1)
@: enlightened, flying
A: no striking features
a: no special abilities


You were on level 4 of the Dungeon.
You visited 1 branch of the dungeon, and saw 4 of its levels.

You collected 178 gold pieces.

Inventory:

Armour
 a - a +0 robe (worn)
 d - a +1 cloak (worn)
 u - a +0 pair of gloves (worn)
Magical Staves
 g - a staff of death (weapon)
Jewellery
 c - a ring of protection from cold (left hand)
 i - an amulet of faith
 k - a ring of protection from cold
 v - a ring of ice
 w - a ring of wizardry (right hand)
Wands
 o - a wand of acid (8)
 p - a wand of charming (13)
 t - a wand of digging (4)
 x - a wand of mindburst (16)
Scrolls
 e - a scroll of teleportation
 n - a scroll of revelation
 q - a scroll of identify
Potions
 b - a potion of magic
 f - a potion of might {unknown}
 h - 2 potions of enlightenment
 j - a potion of berserk rage {unknown}
 l - a potion of attraction {unknown}
 m - a potion of brilliance {unknown}
 r - a potion of lignification {unknown}
 s - a potion of heal wounds {unknown}


   Skills:
 + Level 3.5 Dodging
 + Level 3.9 Stealth
 + Level 4.2 Spellcasting
 + Level 5.1 Conjurations


You had 10 spell levels left.
You knew the following spells:

 Your Spells              Type           Power      Damage    Failure   Level
a - Magic Dart            Conj           100%       1d8       1%          1

Your spell library contained the following spells:

 Spells                   Type           Power      Damage    Failure   Level
 Searing Ray              Conj           62%        2d6       1%          2
 Freeze                   Ice            20%        1d4       3%          1
 Hailstorm                Conj/Ice       18%        3d7       4%          3
 Mephitic Cloud           Conj/Alch/Air  13%        N/A       5%          3
 Mercury Vapours          Alch/Air       10%        N/A       6%          2
 Frozen Ramparts          Ice            10%        1d2       11%         3
 Fulminant Prism          Conj/Alch      9%         3d6       12%         4
 Iskenderun's Mystic Bla  Conj/Tloc      18%        2d6       12%         4
 Iskenderun's Battlesphe  Conj           31%        2d8       12%         5
 Freezing Cloud           Conj/Ice/Air   6%         6-21      43%         5
 Bombard                  Conj/Erth      9%         9d2       86%         6
 Spellforged Servitor     Conj/Summ      9%         N/A       100%        7


Dungeon Overview and Level Annotations

Branches:
Dungeon (4/15)
 Temple: D:4-7

Altars:
Fedhas
Hepliaklqana
Nemelex Xobeh
Vehumet

Shops:
D:1 (


Message History

The orc wizard is lightly wounded.
The orc wizard shouts!
You hear a shout!
The orc wizard casts a spell at you.
You are confused.
You're too confused to cast spells.
Unknown command.
Unknown command.
The orc wizard casts a spell at you.
The puff of flame hits you but does no damage.
You're too confused to move!
You start resting.
An orc comes into view. It is wielding a +0 club.
An orc comes into view.
It is wielding a +0 dagger and carrying a wand of roots.
You feel less confused.
The orc shouts!
The orc wizard casts a spell at you.
You are confused.
The orc shouts!
You're too confused to move!
You're too confused to move!
The orc zaps a wand.
The roots erupt in riotous growth!
The grasping roots grab you!
The orc wizard is unaffected.
The grasping roots constrict you.
There is an open gate here.
You're too confused to cast spells.
You feel very buoyant.
You fly up into the air.
The orc hits you with a +0 club.
The orc wizard hits you with a +1 dagger of electrocution.
The grasping roots constrict you.
You're too confused to cast spells.
You escape the roots grasp.
You feel less confused.
The orc wizard hits you but does no damage.
The orc hits you with a +0 dagger.
You hit the orc wizard.
The orc wizard is moderately wounded.
The orc wizard hits you with a +1 dagger of electrocution.
You are electrocuted!!
Ouch! That really hurt!
You die...

~~# ♣~~# ♣~~# #######
♣~~# ##....<#### ♣~~#
#.........# ♣.♣.♣~~
#..###.##.#
♣...♣~#######..# #.##.#
♣.♣.†oo.......###.##.#
♣...o@#####.###...#.#
♣.♣..'.# #.##......##
♣...♣~### #.#.........
.♣.♣~~#######.#........#
..♣~~##.................
♣.♣~~##.######.##......##
)♣~~# ### #......>..# ~~#
###########


You could see an orc wizard and 2 orcs.

Vanquished Creatures
  A bombardier beetle (D:4)
  A hound (D:4)
  6 orcs
  5 ball pythons
  8 endoplasms
  9 goblins
  4 hobgoblins
  3 jackals (D:2)
  3 kobolds (D:2)
  2 quokkas
  2 bats
  3 frilled lizards
  5 rats
  A spectral goblin (D:3)
53 creatures vanquished.

Notes
Turn   | Place    | Note
-------+----------+-------------------------------------------
     0 | D:1      | Curundu the Deep Elf Conjurer began the quest for the Orb.
     0 | D:1      | Reached XP level 1. HP: 10/10 MP: 6/6
   162 | D:1      | Found a faded altar of an unknown god.
   274 | D:1      | Reached XP level 2. HP: 15/15 MP: 5/8
   407 | D:1      | Found Weriuc Raxto's Weapon Shoppe.
  1486 | D:2      | Reached XP level 3. HP: 19/19 MP: 7/10
  2105 | D:3      | Found a sparkling altar of Nemelex Xobeh.
  2119 | D:3      | Found a radiant altar of Vehumet.
  2203 | D:3      | Found a blossoming altar of Fedhas.
  2705 | D:3      | Found a hazy altar of Hepliaklqana.
  3182 | D:4      | Reached skill level 5 in Conjurations
  3182 | D:4      | Reached XP level 4. HP: 10/24 MP: 4/12
  3576 | D:4      | Mangled by an orc wizard

Illustrated notes

Levels and vault maps discovered:
D:1:      minmay_arrival_radiant_lines, layout_basic, serial_shops,
          nicolae_shop_real_fake_doors, ebering_ecumenical_altar_mist,
          hex_medium, corexii_hall_statues_l
D:2:      layout_basic
D:3:      layout_basic, nemelex_diamond_rough_becter,
          nicolae_hepliaklqana_monster_ancestors,
          mainiacjoe_overflow_tiny_flanked, nicolae_overflow_hidden_temple
D:4:      layout_loops_ring, minmay_temple_entry_waves,
          minmay_stone_trees_large, kennysheep_cluttered_room

Skill      XL: |  1  2  3 |
---------------+----------+-----
Stealth        | 3 |  3.9
Dodging        | 3 |  3.5
Spellcasting   | 4 |  4.2
Conjurations   | 5 |  5.1

Action                     |  1- 3 |  4- 6 || total
---------------------------+-------+-------++-------
  Melee: Staff             |    20 |     1 ||    21
         Punch             |     1 |       ||     1
   Cast: Magic Dart        |    95 |    15 ||   110
    Use: Scroll            |     5 |     2 ||     7
         Potion            |       |     1 ||     1
 Armour: Robe              |    15 |     6 ||    21
  Dodge: Dodged            |     7 |       ||     7

Table legend: (Time is in decaauts)
 A = Elapsed time spent in this place.
 B = Non-inter-level travel time spent in this place.
 C = Inter-level travel time spent in this place.
 D = Time resting spent in this place.
 E = Time spent auto-exploring this place.
 F = Levels seen in this place.
 G = Mean time per level.
                   A        B        C        D        E       F      G
               +--------+--------+--------+--------+--------+-----+--------+
         Total |   3577 |   3577 |      0 |    171 |   2908 |   4 |  894.2 |
       Dungeon |   3577 |   3577 |      0 |    171 |   2908 |   4 |  894.2 |
               +--------+--------+--------+--------+--------+-----+--------+

Top non-repeatable levels by time:
     D:3: 1155 daAuts
     D:2: 1032 daAuts
     D:1: 779 daAuts
     D:4: 610 daAuts
